 Dungeon Crawl Stone Soup version 0.19-a0-706-g03de5d9 (webtiles) character file.

2751 LORDOFBUTT the Grappler (level 9, -5/91 (93) HPs)
             Began as a Troll Berserker on June 20, 2016.
             Was an Elder of Trog.
             Slain by a two-headed ogre
             ... wielding a +0 great mace
              (8 damage)
             ... on level 8 of the Dungeon on June 21, 2016.
             The game lasted 00:08:10 (5540 turns).

LORDOFBUTT the Grappler (Troll Berserker)           Turns: 5540, Time: 00:08:11

HP:   -5/91 (93)    AC:  5    Str: 27    XL:     9   Next: 41%
MP:   8/8           EV: 12    Int:  4    God:    Trog [****..]
Gold: 279           SH:  0    Dex: 11    Spells: 0 memorised, 8 levels left

rFire  + . .     SeeInvis .       - Unarmed
rCold  x . .     Gourm    +     a - +0 animal skin
rNeg   . . .     Faith    .     (no shield)
rPois  .         Spirit   .     f - +0 hat
rElec  .         Dismiss  .     (no cloak)
rCorr  .         Reflect  .     (gloves unavailable)
SustAt .         Harm     .     (boots unavailable)
MR     .....                    (no amulet)
Stlth  +.........               (no ring)
                                i - ring of fire

@: not resistant to hostile enchantments, very unstealthy
A: unfitting armour, claws 3, fast metabolism 3, gourmand, regeneration 2,
shaggy fur 1, tough skin 2
a: Berserk, Trog's Hand, Brothers in Arms, Burn Spellbooks, Renounce Religion


You were on level 8 of the Dungeon.
You worshipped Trog.
Trog was greatly pleased with you.
You were not hungry.

You visited 1 branch of the dungeon, and saw 8 of its levels.
You also visited: Sewer.

You collected 279 gold pieces.

Inventory:

Armour
 a - a +0 animal skin (worn)
 f - a +0 hat (worn)
Jewellery
 e - a +5 amulet of reflection {unknown}
 i - a ring of fire (left claw)
 j - a +3 amulet of reflection {unknown}
 k - an uncursed ring of fire
 E - an uncursed ring of protection from magic {unknown}
Wands
 y - a wand of teleportation (2/9)
Scrolls
 c - 2 scrolls of enchant armour {unknown}
 d - 2 scrolls of blinking {unknown}
 g - a scroll of enchant weapon {unknown}
 m - 2 scrolls of random uselessness {unknown}
 q - a scroll of remove curse {unknown}
 r - 5 scrolls of teleportation
 s - a scroll of noise {unknown}
 t - a scroll of amnesia {unknown}
 u - 7 scrolls of identify {unknown}
 v - 2 scrolls of immolation {unknown}
 w - 2 scrolls of fog
 x - 2 scrolls of magic mapping {unknown}
 F - a scroll of holy word {unknown}
 G - a scroll of recharging {unknown}
 H - a scroll of torment {unknown}
Potions
 h - 2 potions of resistance {unknown}
 l - 4 potions of curing
 n - a potion of agility {unknown}
 o - 4 potions of brilliance {unknown}
 p - 2 potions of degeneration {unknown}
 z - a potion of might {unknown}
 A - 3 potions of magic {unknown}
 B - a potion of heal wounds {unknown}
 C - a potion of cure mutation {unknown}
 K - a potion of cancellation {unknown}
Comestibles
 b - 4 bread rations
 D - a beef jerky
 I - a meat ration
 J - 4 fruits


   Skills:
 * Level 7.4 Fighting
 + Level 5.3 Dodging
 * Level 8.7 Unarmed Combat


You had 8 spell levels left.
You didn't know any spells.

Dungeon Overview and Level Annotations

Branches:
Dungeon (8/15)             Temple (0/1) D:6
   Lair: D:8-11

Altars:
Ashenzari
Cheibriados
Dithmenos
Elyvilon
Fedhas
Hepliaklqana
Kikubaaqudgha
Okawaru
Sif Muna
Xom
The Shining One

Shops:
D:6 [   D:7 !


Innate Abilities, Weirdness & Mutations

You are too large for most types of armour.
You have claws for hands.
Your metabolism is lightning-fast.
You like to eat raw meat.
You heal very quickly.
You are covered in fur. (AC +1)
You have very tough skin. (AC +2)


Message History

The two-headed ogre hits you with a giant spiked club!
A rat comes into view.
You completely miss the two-headed ogre.
The two-headed ogre misses you.
The two-headed ogre hits you with a giant spiked club!
A rat comes into view.
There are monsters nearby!
You claw the two-headed ogre!
The two-headed ogre is heavily wounded.
A rat and a crocodile come into view.
You scratch the two-headed ogre.
The two-headed ogre is severely wounded.
The two-headed ogre hits you with a great mace!!
The two-headed ogre hits you with a giant spiked club!!
* * * LOW HITPOINT WARNING * * *
You are too injured to fight recklessly!
The two-headed ogre hits you with a great mace!
* * * LOW HITPOINT WARNING * * *
The two-headed ogre hits you with a giant spiked club!
You die...

#.....##...##......#....
#......#...#.......#...<
#....r.#...#.......#....
#....t.#...#.......#....
#....r.#...#.......#....
#....r##...##......#....
##.....##...##......#....
#......O............#....
#.......@........>..#....
#########...........#
#...######### #...# #...#
#...# #+###


You could see a two-headed ogre and a rat.

Vanquished Creatures
  Pikel (D:5)
  The ghost of qqqbard the Cruncher, a novice VSGl of Makhleb (D:6)
  The ghost of dickylongcocking the Cudgeler, an amateur MiFi of Makhleb (D:4)
  Grinder (D:5)
  Prince Ribbit (D:8)
  Menkaure (D:5)
  A sky beast (D:6)
  A necrophage (D:6)
  2 centaurs
  3 giant frogs
  A scorpion (D:7)
  2 howler monkeys
  2 crimson imps
  A jelly (D:3)
  A giant frog skeleton (D:6)
  A hound (D:4)
  2 orc wizards
  An orc priest (D:7)
  An iguana (D:4)
  5 worker ants
  A hound skeleton (D:5)
  A worker ant zombie (D:6)
  9 adders
  A river rat (D:4)
  2 adder skeletons (D:5)
  An adder zombie (D:7)
  4 worms
  3 dart slugs
  2 giant geckos
  11 orcs
  5 ball pythons
  7 bats
  9 giant cockroaches
  4 goblins
  6 hobgoblins
  14 jackals
  8 kobolds
  4 quokkas
  9 giant newts
  7 rats
138 creatures vanquished.

Vanquished Creatures (others)
  A slave (D:5)
  A howler monkey (D:5)
  A centaur skeleton (D:5)
  An iguana (D:5)
  An orc wizard (D:5)
  An adder (D:5)
  3 orcs (D:5)
9 creatures vanquished.

Grand Total: 147 creatures vanquished

Notes
Turn   | Place    | Note
--------------------------------------------------------------
     0 | D:1      | LORDOFBUTT the Troll Berserker began the quest for the Orb.
     0 | D:1      | Reached XP level 1. HP: 22/22 MP: 0/0
   228 | D:1      | Reached XP level 2. HP: 29/29 MP: 1/1
   779 | D:1      | Reached ** piety under Trog
   784 | D:1      | Found a shimmering altar of Xom.
   902 | D:1      | Reached XP level 3. HP: 37/37 MP: 2/2
  1224 | D:2      | Found a shadowy altar of Dithmenos.
  1681 | D:3      | Reached XP level 4. HP: 3/45 MP: 3/3
  1681 | D:3      | HP: 1/45 [poisoned by an adder]
  1686 | D:3      | HP: 1/45 [kobold/blowgun (2)]
  1860 | D:3      | Found a blossoming altar of Fedhas.
  2242 | D:3      | Found a faded altar of an unknown god.
  2388 | D:4      | Reached skill level 4 in Unarmed Combat
  2388 | D:4      | Reached XP level 5. HP: 52/54 MP: 4/4
  2421 | D:4      | Found a shattered altar of Ashenzari.
  2421 | D:4      | Found a snail-covered altar of Cheibriados.
  2589 | D:4      | Found an ancient bone altar of Kikubaaqudgha.
  2709 | D:4      | Noticed dickylongcocking's ghost (amateur MiFi)
  2726 | D:4      | Killed dickylongcocking's ghost
  2726 | D:4      | Reached skill level 5 in Unarmed Combat
  2726 | D:4      | Reached XP level 6. HP: 21/63 MP: 5/5
  2774 | D:4      | Reached *** piety under Trog
  2776 | D:4      | Found a glowing drain.
  2795 | Sewer    | Entered a sewer
  3332 | D:4      | Reached XP level 7. HP: 71/71 MP: 6/6
  3402 | D:4      | Found an iron altar of Okawaru.
  3469 | D:5      | Entered Level 5 of the Dungeon
  3475 | D:5      | Noticed Pikel
  3490 | D:5      | Killed Pikel
  3490 | D:5      | Reached skill level 5 in Fighting
  3490 | D:5      | Reached skill level 6 in Unarmed Combat
  3490 | D:5      | Reached XP level 8. HP: 43/81 MP: 7/7
  3602 | D:5      | Noticed Grinder
  3615 | D:5      | Paralysed by Grinder for 5 turns
  3753 | D:5      | Killed Grinder
  3812 | D:5      | Noticed Menkaure
  3814 | D:5      | Found a hazy altar of Hepliaklqana.
  3818 | D:5      | Killed Menkaure
  3818 | D:5      | Reached skill level 7 in Unarmed Combat
  3858 | D:5      | Found a glowing golden altar of the Shining One.
  4102 | D:6      | Found a hazy altar of Hepliaklqana.
  4159 | D:6      | Found a deep blue altar of Sif Muna.
  4322 | D:6      | Found Zarphar's Armour Emporium.
  4327 | D:6      | Noticed qqqbard's ghost (novice VSGl)
  4359 | D:6      | Killed qqqbard's ghost
  4359 | D:6      | Reached skill level 5 in Dodging
  4359 | D:6      | Reached skill level 8 in Unarmed Combat
  4359 | D:6      | Reached XP level 9. HP: 76/90 MP: 8/8
  4390 | D:6      | Reached **** piety under Trog
  4594 | D:6      | Found a staircase to the Ecumenical Temple.
  5147 | D:7      | Found Timuew's Distillery.
  5226 | D:7      | Found a white marble altar of Elyvilon.
  5360 | D:8      | Noticed Prince Ribbit
  5372 | D:8      | Killed Prince Ribbit
  5540 | D:8      | HP: 3/91 [two-headed ogre/great mace (7)]
  5540 | D:8      | Slain by a two-headed ogre

Vault maps used:
D:1:      lightli_arrival_quake, xom_teletrap_fun
D:2:      old_standard_altar
D:3:      lemuel_doored_altar, first_bread, ecumenical_altar_2
D:4:      gammafunk_temple_overflow_pools, kennysheep_mini_moat,
          lemuel_coloured_pillars_altar, gup_sewer_entry_bowl, abandoned_shop
D:5:      kennysheep_mini, basic_altar, uniq_menkaure, uniq_grinder, uniq_pikel
D:6:      old_standard_altar, led_sif_pool, minmay_temple_entry_poolview,
          serial_shops, shop
D:7:      elyvilon_altar_3, serial_shops, nicolae_shop_behind_doors
D:8:      grunt_lair_entry_orc_guard_hut, uniq_prince_ribbit1
Sewer:    sewer_co_scattered_pipes

Skill      XL: |  1  2  3  4  5  6  7  8  9 |
---------------+----------------------------+-----
Fighting       | 3 4 5 6 7 |  7.4
Dodging        | 3 4 5 |  5.3
Unarmed Combat | 4 5 6 8 |  8.7

Action                   |  1- 3 |  4- 6 |  7- 9 || total
-------------------------+-------+-------+-------++-------
Melee: Unarmed           |   102 |   118 |   180 ||   400
       Punch             |     2 |       |     7 ||     9
Invok: Trog's Hand       |       |     1 |       ||     1
       Berserk           |       |     1 |       ||     1
  Use: Scroll            |       |     1 |     1 ||     2
 Stab: Sleeping          |       |       |     2 ||     2
  Eat: Chunk             |    12 |     6 |    14 ||    32
       Bread ration      |     1 |       |     1 ||     2
       Beef jerky        |       |     1 |       ||     1
       Meat ration       |       |     1 |     1 ||     2
Armor: Animal skin       |    44 |    27 |    44 ||   115
Dodge: Dodged            |    36 |    64 |   104 ||   204
